 Dungeon Crawl Stone Soup version 0.30.0-5-g1a98f26d00 (webtiles) character file.

Game seed: 12488088721833446986

111 BRD2 the Ducker (level 4, -1/35 HPs)
             Began as a Demonspawn Gladiator on May 9, 2023.
             Succumbed to an orc wizard's poison
             ... on level 2 of the Dungeon.
             The game lasted 00:06:01 (1889 turns).

BRD2 the Ducker (Demonspawn Gladiator)              Turns: 1889, Time: 00:06:01

Health: -1/35      AC:  4    Str: 16    XL:     4   Next: 62%
Magic:  4/4        EV: 13    Int:  9    God:
Gold:   111        SH:  0    Dex: 15    Spells: 3/3 levels left

rFire   . . .        a - +0 war axe
rCold   . . .        (no shield)
rNeg    . . .        b - +0 leather armour
rPois   .            (helmet restricted)
rElec   .            k - +0 cloak
rCorr   .            (no gloves)
SInv    .            (no boots)
Will    .....        (no amulet)
Stlth   +            (no ring)
HPRegen 0.25/turn    (no ring)
MPRegen 0.09/turn

%: no passive effects
@: lethally poisoned (-1 -> -16)
A: antennae 2, spiny 1
a: no special abilities


You were on level 2 of the Dungeon.
You visited 1 branch of the dungeon, and saw 2 of its levels.

You collected 111 gold pieces.

Inventory:

Hand Weapons
 a - a +0 war axe (weapon)
Missiles
 d - 3 throwing nets (quivered)
 e - a javelin
Armour
 b - a +0 leather armour (worn)
 j - a +0 plate armour
 k - a +0 cloak (worn)
Scrolls
 c - a scroll of identify {unknown}
 f - a scroll of fog {unknown}
 g - 2 scrolls of noise {unknown}
 i - a scroll of enchant weapon {unknown}
Potions
 h - 3 potions of haste {unknown}
 l - 2 potions of degeneration {unknown}
 m - a potion of berserk rage {unknown}


   Skills:
 + Level 3.2 Fighting
 + Level 3.5 Axes
 - Level 2.0 Throwing
 + Level 3.5 Dodging


You had 3 spell levels left.
You didn't know any spells.
Your spell library contained the following spells:

 Spells                   Type           Power      Damage    Failure   Level
 Volatile Blastmotes      Fire/Tloc      0%         2d10      83%         3
 Fulminant Prism          Conj/Hex       0%         3d5       99%         4
 Iskenderun's Mystic Bla  Conj/Tloc      0%         2d3       99%         4
 Lee's Rapid Deconstruct  Erth           0%         3d4*      100%        5


Dungeon Overview and Level Annotations

Branches:
Dungeon (2/15)

Altars:
Yredelemnul

Shops:
D:2 =


Innate Abilities, Weirdness & Mutations

You have a pair of antennae on your head.
You are partially covered in sharp spines.


Message History

The orc is severely wounded.
You closely miss the orc wizard. The orc is struck by your spines.
You kill the orc!
The orc wizard hits you but does no damage.
You closely miss the orc priest. You hit the orc wizard.
You barely miss the orc.
The orc priest hits you with a +0 dagger.
The orc wizard is struck by your spines.
The orc wizard closely misses you. The orc hits you with a +0 whip.
You closely miss the orc priest. You miss the orc wizard. You hit the orc.
The orc priest closely misses you. The orc wizard barely misses you.
The orc is struck by your spines. The orc closely misses you.
The orc is struck by your spines.
You kill the orc!
The orc priest is struck by your spines.
The orc priest hits you with a +0 dagger.
The orc wizard hits you with a +1 dagger of venom.
You are poisoned.
You hit the orc priest.
The orc priest is severely wounded.
You hit the orc wizard.
You feel very sick. The orc wizard misses you.
The orc priest hits you with a +0 dagger.
* * * LOW HITPOINT WARNING * * *
You barely miss the orc priest.
The orc priest is severely wounded.
You closely miss the orc.
You hit the orc wizard but do no damage.
* * * LOW HITPOINT WARNING * * *
You feel sick. The orc is struck by your spines. The orc completely misses you.
The orc wizard is struck by your spines.
The orc wizard hits you but does no damage.
You are more poisoned.
The orc priest misses you.
You barely miss the orc priest.
The orc priest is severely wounded.
You barely miss the orc. You completely miss the orc wizard.
You die...

#.# ..{..#
.# #.
#.#.......#
# #.
#.#.......#
####.
#.#.......#
....
#.#.......#
##..
#.#.......
#...
#.#.......
#.
#.#o......
##.
#o@o......
##..
#####...#.
# #... ?..
..###..# #
......#
####...#
........
........
##......
#......


You could see an orc priest, an orc wizard and an orc.

Vanquished Creatures
  Robin (D:2)
  3 adders
  4 dart slugs
  2 worms (D:2)
  2 orcs (D:2)
  2 endoplasms
  2 giant cockroaches
  12 goblins
  6 hobgoblins
  3 quokkas (D:1)
  5 ball pythons
  2 bats
  3 frilled lizards (D:1)
  4 kobolds
  7 rats
58 creatures vanquished.

Notes
Turn   | Place    | Note
-------+----------+-------------------------------------------
     0 | D:1      | BRD2 the Demonspawn Gladiator began the quest for the Orb.
     0 | D:1      | Reached XP level 1. HP: 16/16 MP: 1/1
   163 | D:1      | Gained mutation: You have a pair of small antennae on your
                  | head. [demonic ancestry]
   163 | D:1      | Reached XP level 2. HP: 21/22 MP: 2/2
   714 | D:1      | Gained mutation: You have a pair of antennae on your head.
                  | [demonic ancestry]
   714 | D:1      | Reached XP level 3. HP: 28/28 MP: 3/3
   893 | D:1      | HP: 1/28 [kobold/+1 dagger of electrocution (17)]
  1403 | D:2      | Found Qeintuf's Jewellery Boutique.
  1467 | D:2      | Gained mutation: You are partially covered in sharp spines.
                  | [demonic ancestry]
  1467 | D:2      | Reached XP level 4. HP: 14/34 MP: 4/4
  1656 | D:2      | Noticed Robin
  1675 | D:2      | Killed Robin
  1796 | D:2      | Found a basalt altar of Yredelemnul.
  1889 | D:2      | Succumbed to an orc wizard's poison

Illustrated notes

Levels and vault maps discovered:
D:1:      wander_arrival_chamber, layout_loops_corners
D:2:      cheibrodos_pilgrimage, layout_rooms, basic_altar, serial_shops,
          nicolae_shop_tiny_waterfront, uniq_robin

Skill      XL: |  1  2  3  4 |
---------------+-------------+-----
Throwing       | 2 |  2.0
Dodging        | 3 |  3.5
Axes           | 3 |  3.5
Fighting       | 3 |  3.2

Action                     |  1- 3 |  4- 6 || total
---------------------------+-------+-------++-------
  Melee: War axe           |   113 |    32 ||   145
         Punch             |     1 |     1 ||     2
    Use: Potion            |     1 |       ||     1
   Stab: Sleeping          |     2 |       ||     2
 Armour: Leather armour    |    33 |     7 ||    40
  Dodge: Dodged            |    81 |    23 ||   104
